[Event "42nd Olympiad Baku 2016 Open"]
[Site "Baku"]
[Date "2016.09.02"]
[Round "1.2"]
[White "Neiksans, Arturs"]
[Black "Murtaza Ali"]
[Result "1-0"]
[ECO "B03"]
[WhiteElo "2628"]
[BlackElo "2111"]
[PlyCount "97"]
[EventDate "2016.??.??"]
[EventCountry "AZE"]
[WhiteTeam "Lettland"]
[BlackTeam "Pakistan"]
[WhiteTeamCountry "LAT"]
[BlackTeamCountry "PAK"]
[TimeControl "40/5400+30:1800+30"]
[WhiteClock "0:26:50"]
[BlackClock "0:32:39"]

1. e4 {(00:00} Nf6 {(00:00} 2. e5 {(00:00} Nd5 {
(00:00} 3. d4 {(00:00} d6 {(00:00} 4. c4 {(00:
00} Nb6 {(00:05} 5. exd6 {(00:00} exd6 {(00:11} 6. Nc3
{(00:00} Be7 {(00:49} 7. Bd3 {(00:21} Nc6 {(00:
48} 8. Nge2 {(00:09} Bg4 {(03:34} 9. Be3 {(03:59} O-O
{(01:34} 10. b3 {(00:33} Bf6 {(02:29} 11. Qd2 {(
00:14} Nb4 {(04:22} 12. Bb1 {(03:20} c5 {(09:29} 13.
O-O {(02:24} Bxe2 {(14:40} 14. Nxe2 {(00:16} d5 {
(06:39} 15. dxc5 {(12:37} Bxa1 {(03:13} 16. Qxb4 {
(00:48} d4 {(04:32} 17. Bf4 {(05:44} Nd7 {(05:
36} 18. Bd6 {(17:27} Re8 {(04:20} 19. Bd3 {(00:18} Bc3
{(02:06} 20. Qxb7 {(02:22} Ne5 {(08:57} 21. Be4 {
(03:27} Rc8 {(00:34} 22. h3 {(10:34} Qf6 {(02:
40} 23. Rd1 {(02:30} Rcd8 {(06:10} 24. Ng3 {(05:00} d3
{(08:32} 25. Nf5 {(15:15} Qe6 {(04:33} 26. Ne7+ {
(07:50} Kh8 {(00:12} 27. Nd5 {(00:40} Bd4 {(02:
35} 28. Nc7 {(05:03} Qf6 {(00:06} 29. Rf1 {(01:25} d2
{(01:07} 30. Bc2 {(00:04} Ng6 {(02:58} 31. Nxe8 {
(00:15} Rxe8 {(00:01} 32. Qd7 {(01:09} Rd8 {(00:
21} 33. Qg4 {(00:34} h6 {(00:31} 34. Qe2 {(00:19} Bc3
{(01:17} 35. g3 {(00:13} Ne5 {(01:13} 36. Kg2 {(
00:12} Nc6 {(00:47} 37. Qe4 {(00:09} Qg6 {(00:01} 38.
Qxg6 {(01:16} fxg6 {(00:01} 39. Bxg6 {(00:12} Be5 {
(00:24} 40. Rd1 {(00:00} Bxd6 {(00:00} 41. cxd6 {
(01:38} Rxd6 {(00:28} 42. Be4 {(01:47} Nb4 {(00:
44} 43. a3 {(02:59} Na2 {(00:59} 44. Bd5 {(00:06} Nc1
{(00:22} 45. Rxd2 {(03:34} Nxb3 {(00:04} 46. Rb2 {
(00:13} Nc5 {(00:30} 47. Rb8+ {(00:26} Kh7 {(00:
03} 48. Rc8 {(00:07} Na4 {(00:44} 49. Be4+ {(00:11}
1-0

[Event "42nd Olympiad Baku 2016 Open"]
[Site "Baku"]
[Date "2016.09.02"]
[Round "1.34"]
[White "Nezad, Husein Aziz"]
[Black "Ayyad, Maher"]
[Result "1-0"]
[ECO "D45"]
[WhiteElo "2427"]
[BlackElo "2076"]
[PlyCount "37"]
[EventDate "2016.??.??"]
[EventCountry "AZE"]
[WhiteTeam "Katar"]
[BlackTeam "Brunei"]
[WhiteTeamCountry "QAT"]
[BlackTeamCountry "BRN"]
[TimeControl "40/5400+30:1800+30"]
[WhiteClock "0:54:39"]
[BlackClock "0:22:13"]

1. d4 {(00:00} d5 {(00:06} 2. c4 {(00:00} e6 {(
00:08} 3. Nc3 {(00:00} Nf6 {(00:24} 4. Nf3 {(00:44} c6
{(00:10} 5. e3 {(00:25} Nbd7 {(00:22} 6. Qc2 {(
00:14} Bd6 {(00:39} 7. Bd3 {(00:15} O-O {(01:07} 8.
O-O {(00:07} Qe7 {(00:06} 9. c5 {(02:02} Bc7 {(
00:14} 10. e4 {(00:21} dxe4 {(01:48} 11. Nxe4 {(01:00}
Nxe4 {(00:48} 12. Bxe4 {(00:10} h6 {(29:13} 13. Bd2 {
(02:22} f5 {(10:30} 14. Bd3 {(03:13} Qf6 {(00:
27} 15. Bc3 {(12:08} e5 {(12:01} 16. dxe5 {(01:05}
Nxe5 {(15:52} 17. Kh1 {(02:33} Re8 {(00:47} 18. Rae1 {
(03:50} Re7 {(02:05} 19. Qe2 {(14:22} 1-0

[Event "42nd Olympiad Baku 2016 Open"]
[Site "Baku"]
[Date "2016.09.02"]
[Round "1.27"]
[White "Nguyen, Anh Khoi"]
[Black "Theocharous, Stelios"]
[Result "1-0"]
[ECO "E32"]
[WhiteElo "2448"]
[BlackElo "2065"]
[PlyCount "113"]
[EventDate "2016.??.??"]
[EventCountry "AZE"]
[WhiteTeam "Vietnam"]
[BlackTeam "Zypern"]
[WhiteTeamCountry "VIE"]
[BlackTeamCountry "CYP"]
[TimeControl "40/5400+30:1800+30"]
[WhiteClock "0:09:31"]
[BlackClock "0:01:55"]

1. d4 {(00:00} Nf6 {(00:00} 2. c4 {(00:00} e6 {(
00:00} 3. Nc3 {(00:00} Bb4 {(00:00} 4. Qc2 {(00:00}
O-O {(00:00} 5. a3 {(00:02} Bxc3+ {(00:09} 6. Qxc3 {
(00:11} b6 {(02:31} 7. Bg5 {(00:27} h6 {(01:28}
8. Bh4 {(02:52} Bb7 {(00:11} 9. f3 {(00:19} d5 {
(00:45} 10. e3 {(00:18} Nbd7 {(00:22} 11. cxd5 {
(00:12} Nxd5 {(00:53} 12. Bxd8 {(00:07} Nxc3 {(
00:06} 13. Bh4 {(00:07} Nd5 {(00:18} 14. Bf2 {(00:07}
c5 {(09:24} 15. e4 {(00:15} Ne7 {(21:18} 16. Ne2 {
(00:08} cxd4 {(03:03} 17. Bxd4 {(12:54} Nc6 {(
08:15} 18. Be3 {(01:59} Nde5 {(04:21} 19. Nc3 {(09:35}
Rfd8 {(02:37} 20. Rd1 {(03:18} Rxd1+ {(02:03} 21. Kxd1
{(00:07} Rd8+ {(00:39} 22. Kc1 {(10:27} Na5 {(
14:53} 23. Kc2 {(04:55} f5 {(10:47} 24. exf5 {(08:50}
exf5 {(00:08} 25. Be2 {(01:50} g5 {(03:07} 26. Re1 {
(13:12} f4 {(02:07} 27. Bc1 {(01:42} Nac6 {(01:
46} 28. Bf1 {(01:31} Bc8 {(02:36} 29. Ne4 {(04:03} Bf5
{(00:52} 30. Kc3 {(03:06} Kg7 {(01:49} 31. Bb5 {
(08:23} Nd4 {(01:30} 32. Ba6 {(00:27} Nec6 {(02:
44} 33. b4 {(01:36} b5 {(01:57} 34. Bb2 {(03:54} Kg6 {
(00:50} 35. Nc5 {(03:34} Nb8 {(03:09} 36. Bb7 {(
00:24} Nc2 {(00:50} 37. Re7 {(02:06} Ne3 {(00:21} 38.
g4 {(01:53} fxg3 {(00:40} 39. Rxe3 {(00:38} gxh2 {
(00:06} 40. Re1 {(00:00} Re8 {(00:00} 41. Ne4 {(
07:40} g4 {(05:54} 42. Kd2 {(09:29} Re7 {(13:14} 43.
Ba8 {(02:01} Nd7 {(03:41} 44. Ng3 {(01:11} Rxe1 {
(05:46} 45. Kxe1 {(00:01} Nb6 {(01:26} 46. fxg4 {
(00:18} Bxg4 {(02:15} 47. Be4+ {(01:07} Kf7 {(
00:32} 48. Nf1 {(00:47} Nc4 {(00:58} 49. Bc1 {(00:57}
h5 {(01:12} 50. Nxh2 {(00:05} a5 {(00:45} 51. Nxg4 {
(02:47} hxg4 {(00:06} 52. Bd5+ {(04:53} Ke7 {(
00:45} 53. Bxc4 {(00:11} bxc4 {(00:05} 54. Kd2 {(00:23]
} Kd6 {(00:24} 55. Kc3 {(00:11} Kd5 {(00:16} 56. Be3 {
(01:08} g3 {(00:11} 57. b5 {(00:21} 1-0

[Event "42nd Olympiad Baku 2016 Open"]
[Site "Baku"]
[Date "2016.09.02"]
[Round "1.25"]
[White "Nguyen, Ngoc Truong Son"]
[Black "Michaelides, Konstantinos"]
[Result "1-0"]
[ECO "E16"]
[WhiteElo "2633"]
[BlackElo "2060"]
[PlyCount "85"]
[EventDate "2016.??.??"]
[EventCountry "AZE"]
[WhiteTeam "Vietnam"]
[BlackTeam "Zypern"]
[WhiteTeamCountry "VIE"]
[BlackTeamCountry "CYP"]
[TimeControl "40/5400+30:1800+30"]
[WhiteClock "0:54:01"]
[BlackClock "0:31:02"]

1. d4 {(00:00} Nf6 {(00:00} 2. c4 {(00:00} e6 {(
00:03} 3. Nf3 {(00:08} Bb4+ {(00:19} 4. Bd2 {(00:14}
Qe7 {(00:23} 5. g3 {(00:29} Bxd2+ {(00:45} 6. Qxd2 {
(00:18} Nc6 {(00:28} 7. Nc3 {(00:21} d5 {(01:19]
} 8. Ne5 {(01:14} dxc4 {(07:34} 9. Bg2 {(01:26} Nxe5 {
(01:48} 10. dxe5 {(00:15} Nd5 {(06:07} 11. Nxd5 {
(17:51} exd5 {(00:07} 12. Qxd5 {(00:22} O-O {(
04:03} 13. O-O {(00:38} c6 {(03:28} 14. Qd6 {(04:58}
Re8 {(05:43} 15. Qxe7 {(01:42} Rxe7 {(00:06} 16. Rad1 {
(03:10} Be6 {(13:03} 17. f4 {(01:27} Rd7 {(09:
24} 18. Rxd7 {(22:03} Bxd7 {(00:02} 19. Rc1 {(01:21}
Be6 {(03:06} 20. e4 {(02:50} g6 {(01:40} 21. Bf1 {
(10:04} Rd8 {(06:35} 22. Bxc4 {(05:43} Bxc4 {(
00:33} 23. Rxc4 {(00:07} Rd1+ {(06:18} 24. Kg2 {(00:28]
} Rd2+ {(00:06} 25. Kf3 {(00:50} Rxb2 {(01:04} 26. Rd4
{(00:17} Kf8 {(08:09} 27. Rd7 {(00:18} h5 {(02:
31} 28. f5 {(03:45} Rxa2 29. f6 {(00:20} Ke8 {(14:29}
30. Re7+ {(00:13} Kf8 {(02:15} 31. Rxb7 {(00:11} Ke8 {
(00:04} 32. Rb8+ {(00:15} Kd7 {(00:05} 33. Rf8 {
(00:14} g5 {(02:36} 34. Rxf7+ {(00:11} Ke8 {(00:
33} 35. e6 {(00:32} Ra3+ {(00:38} 36. Ke2 {(00:22}
Ra2+ {(02:02} 37. Ke3 {(00:12} Ra3+ {(00:25} 38. Kd4 {
(00:08} c5+ {(00:21} 39. Ke5 {(00:34} c4 {(00:
15} 40. Rh7 {(00:00} Ra5+ {(00:00} 41. Kd4 {(01:38}
Kd8 {(01:25} 42. e7+ {(00:15} Kd7 {(00:06} 43. Rh8 {
(00:05} 1-0

[Event "42nd Olympiad Baku 2016 Open"]
[Site "Baku"]
[Date "2016.09.02"]
[Round "1.36"]
[White "Nitzborn, Max Baron"]
[Black "Moroni, Luca Jr"]
[Result "0-1"]
[ECO "C01"]
[WhiteElo "1970"]
[BlackElo "2459"]
[PlyCount "76"]
[EventDate "2016.??.??"]
[EventCountry "AZE"]
[WhiteTeam "Namibien"]
[BlackTeam "Italien"]
[WhiteTeamCountry "NAM"]
[BlackTeamCountry "ITA"]
[TimeControl "40/5400+30:1800+30"]
[WhiteClock "0:28:57"]
[BlackClock "0:46:50"]

1. e4 {(00:00} e6 {(00:00} 2. d4 {(00:00} d5 {(
00:14} 3. exd5 {(00:19} exd5 {(00:14} 4. c4 {(00:03}
Nf6 {(01:38} 5. Nc3 {(00:11} Nc6 {(02:54} 6. cxd5 {
(08:33} Nxd5 {(01:00} 7. Bc4 {(02:37} Be6 {(03:
26} 8. Bb3 {(01:29} Bb4 {(05:19} 9. Nge2 {(00:11} O-O
{(01:42} 10. O-O {(00:36} Re8 {(02:30} 11. Qd3 {
(03:20} Bf8 {(12:56} 12. Rd1 {(05:57} Ndb4 {(03:
59} 13. Qf3 {(03:56} Bxb3 {(01:15} 14. axb3 {(00:03}
Nc2 {(01:03} 15. Ra4 {(10:15} N2xd4 {(02:21} 16. Nxd4 {
(02:42} Nxd4 {(00:36} 17. Qd5 {(05:08} c5 {(05:
19} 18. Be3 {(02:15} Qxd5 {(04:11} 19. Nxd5 {(00:04}
Rad8 {(00:20} 20. Nc3 {(08:06} b5 {(02:32} 21. Rxa7 {
(01:14} b4 {(01:51} 22. Kf1 {(10:44} bxc3 {(01:
44} 23. bxc3 {(00:05} Nb5 {(00:37} 24. Rad7 {(00:50}
Rxd7 {(00:08} 25. Rxd7 {(00:05} Nxc3 {(00:13} 26. Bd2 {
(01:33} Ne4 {(01:18} 27. Bc1 {(00:32} Ra8 {(00:
51} 28. Bb2 {(00:15} Ra2 {(00:18} 29. Be5 {(02:08}
Rxf2+ {(00:14} 30. Kg1 {(00:17} Rd2 {(00:11} 31. Rxd2 {
(04:44} Nxd2 {(00:04} 32. Kf2 {(00:23} Nxb3 {(
00:03} 33. Bc3 {(00:24} g6 {(00:11} 34. Ke2 {(00:05}
c4 {(00:13} 35. Kd1 {(00:22} Bg7 {(00:11} 36. Bxg7 {
(00:35} Kxg7 {(00:02} 37. Kc2 {(00:01} f5 {(00:
24} 38. Kc3 {(00:01} Na5 {(00:08} 0-1

[Event "42nd Olympiad Baku 2016 Open"]
[Site "Baku"]
[Date "2016.09.02"]
[Round "1.30"]
[White "Numatsi, Yawotsu Dzigba"]
[Black "Obodchuk, Andrei"]
[Result "0-1"]
[ECO "B31"]
[WhiteElo "1677"]
[BlackElo "2402"]
[PlyCount "68"]
[EventDate "2016.??.??"]
[EventCountry "AZE"]
[WhiteTeam "Togo"]
[BlackTeam "Russland"]
[WhiteTeamCountry "TOG"]
[BlackTeamCountry "RUS"]
[TimeControl "40/5400+30:1800+30"]
[WhiteClock "0:22:27"]
[BlackClock "1:11:57"]

1. e4 {(00:00} c5 {(00:00} 2. Nf3 {(00:01} Nc6 {
(00:00} 3. Bb5 {(02:02} g6 {(00:23} 4. Bxc6 {(
01:05} bxc6 {(00:10} 5. O-O {(01:14} Bg7 {(00:09} 6.
d3 {(02:23} d6 {(00:51} 7. h3 {(02:22} e5 {(02:
02} 8. Bg5 {(06:07} f6 {(02:17} 9. Be3 {(02:44} Nh6 {
(00:34} 10. Nbd2 {(02:21} Nf7 {(05:22} 11. Rb1 {
(04:43} f5 {(04:12} 12. Nb3 {(03:49} O-O {(03:
42} 13. Bd2 {(01:01} Be6 {(01:24} 14. c4 {(02:21} fxe4
{(00:53} 15. dxe4 {(05:21} Bxc4 {(00:09} 16. Re1 {
(01:26} Be6 {(04:16} 17. Bc3 {(05:57} Ng5 {(03:
09} 18. Nxg5 {(06:43} Qxg5 {(00:25} 19. Qd3 {(04:55}
c4 {(00:36} 20. Qg3 {(02:13} Qxg3 {(00:10} 21. fxg3 {
(00:06} cxb3 {(00:06} 22. axb3 {(02:53} Bxb3 {(
00:15} 23. Re3 {(00:39} Bh6 {(00:21} 24. Ree1 {(02:23}
a5 {(00:07} 25. Ra1 {(03:28} a4 {(00:08} 26. g4 {
(01:46} Bf4 {(00:23} 27. Rf1 {(02:58} d5 {(00:
22} 28. exd5 {(00:14} cxd5 {(00:06} 29. Kh1 {(02:01}
d4 {(00:21} 30. Bb4 {(00:05} Rfd8 {(00:19} 31. Rf3 {
(01:10} d3 {(00:47} 32. Raf1 {(06:24} d2 {(00:
20} 33. g3 {(01:31} d1=Q {(00:27} 34. gxf4 {(00:07}
Bd5 {(00:17} 0-1

[Event "42nd Olympiad Baku 2016 Open"]
[Site "Baku"]
[Date "2016.09.02"]
[Round "1.25"]
[White "Omar, Noaman"]
[Black "Gontcharov, Serguei"]
[Result "1-0"]
[ECO "A52"]
[WhiteElo "2377"]
[BlackElo "1793"]
[PlyCount "85"]
[EventDate "2016.??.??"]
[EventCountry "AZE"]
[WhiteTeam "Vereinigte Arabische Emirate"]
[BlackTeam "Bermuda"]
[WhiteTeamCountry "UAE"]
[BlackTeamCountry "BER"]
[TimeControl "40/5400+30:1800+30"]
[WhiteClock "1:08:27"]
[BlackClock "0:31:05"]

1. d4 {(00:00} Nf6 {(00:00} 2. c4 {(00:00} e5 {(
00:00} 3. dxe5 {(00:17} Ng4 {(00:00} 4. e3 {(00:29}
Nxe5 {(00:24} 5. Nc3 {(00:11} Nbc6 {(01:15} 6. a3 {
(00:40} a5 {(02:41} 7. f4 {(00:11} Ng6 {(01:09}
8. Bd3 {(00:08} Bc5 {(11:44} 9. Bd2 {(30:34} O-O {
(02:03} 10. Qh5 {(00:19} Qh4+ {(19:46} 11. Qxh4 {
(00:35} Nxh4 {(00:08} 12. g3 {(00:11} Ng6 {(02:
21} 13. Nd5 {(00:06} Bb6 {(17:33} 14. Ne2 {(00:45} d6
{(02:31} 15. Nxb6 {(06:47} cxb6 {(00:07} 16. Kf2 {
(00:19} Nge7 {(02:14} 17. Nc3 {(00:35} Bd7 {(05:
27} 18. e4 {(01:34} Nd4 {(06:01} 19. Be3 {(00:55} Nb3
{(01:57} 20. Rad1 {(00:24} Nc5 {(00:21} 21. Be2 {
(01:37} Bc6 {(02:02} 22. Bf3 {(09:16} f5 {(00:
35} 23. Bxc5 {(03:20} dxc5 {(02:01} 24. e5 {(00:07}
Bxf3 {(04:15} 25. Kxf3 {(00:03} Nc6 {(02:39} 26. Rd6 {
(00:42} Rad8 {(01:07} 27. Nb5 {(02:44} Rxd6 {(
04:13} 28. Nxd6 {(00:08} Nd4+ {(03:12} 29. Ke3 {(01:16]
} Rb8 {(00:34} 30. Rd1 {(01:30} Kf8 {(00:08} 31. Nb5 {
(00:45} Nxb5 {(03:44} 32. cxb5 {(00:06} Ke7 {(
01:47} 33. Rd6 {(03:01} g6 {(00:09} 34. Kd3 {(00:41}
Kf8 {(01:53} 35. Kc4 {(00:17} Ke7 {(00:11} 36. a4 {
(00:24} Kf8 {(00:52} 37. Rxb6 {(00:09} Rd8 {(00:
28} 38. Rd6 {(00:29} Rc8 {(00:54} 39. Rd7 {(00:17} b6
{(00:15} 40. Rxh7 {(00:00} Rd8 {(00:00} 41. Rh8+ {
(00:33} Ke7 {(00:50} 42. Rxd8 {(00:08} Kxd8 {(
00:24} 43. Kd5 1-0

[Event "42nd Olympiad Baku 2016 Open"]
[Site "Baku"]
[Date "2016.09.02"]
[Round "1.15"]
[White "Osorio Ortiz, Marcos"]
[Black "Ortiz Suarez, Isan Reynaldo"]
[Result "0-1"]
[ECO "B94"]
[WhiteElo "2247"]
[BlackElo "2581"]
[PlyCount "56"]
[EventDate "2016.??.??"]
[EventCountry "AZE"]
[WhiteTeam "Peru"]
[BlackTeam "Kuba"]
[WhiteTeamCountry "PER"]
[BlackTeamCountry "CUB"]
[TimeControl "40/5400+30:1800+30"]
[WhiteClock "0:07:05"]
[BlackClock "0:36:06"]

1. e4 {(00:00} c5 {(00:00} 2. Nf3 {(00:00} d6 {(
00:00} 3. d4 {(00:17} cxd4 {(00:00} 4. Nxd4 {(00:11}
Nf6 {(00:00} 5. Nc3 {(00:29} a6 {(00:00} 6. Bg5 {
(00:28} Nbd7 {(00:11} 7. Qe2 {(00:40} h6 {(01:
10} 8. Bh4 {(00:44} b5 {(00:38} 9. f4 {(08:29} g5 {
(00:18} 10. fxg5 {(01:12} hxg5 {(00:05} 11. Bxg5 {
(00:15} Bb7 {(00:05} 12. g3 {(04:28} e6 {(02:42]
} 13. Bg2 {(00:48} Ne5 {(01:42} 14. Ncxb5 {(02:52} Be7
{(05:31} 15. Nc3 {(01:34} Qb6 {(00:50} 16. O-O-O {
(10:13} Rc8 {(05:30} 17. Rhf1 {(02:41} Nd5 {(21:
17} 18. exd5 {(17:13} Bxg5+ {(00:06} 19. Kb1 {(03:03}
Rxc3 {(16:56} 20. dxe6 {(00:10} fxe6 {(02:43} 21. Bxb7
{(08:29} Qxb7 {(01:01} 22. Nxe6 {(04:33} Re3 {(
01:19} 23. Qd2 {(04:05} Nc4 {(03:05} 24. Qd4 {(11:37}
Na3+ {(00:11} 25. Kc1 {(00:04} Rxe6+ {(00:05} 26. Rf4 {
(02:16} Rxh2 {(01:09} 27. bxa3 {(09:39} Ree2 {(
00:14} 28. Qa4+ {(00:25} Qb5 {(01:06} 0-1

[Event "42nd Olympiad Baku 2016 Open"]
[Site "Baku"]
[Date "2016.09.02"]
[Round "1.20"]
[White "Paiva, Donaldo"]
[Black "Guliyev, Namig"]
[Result "0-1"]
[ECO "D25"]
[WhiteElo "2164"]
[BlackElo "2577"]
[PlyCount "74"]
[EventDate "2016.??.??"]
[EventCountry "AZE"]
[WhiteTeam "Mosambik"]
[BlackTeam "Aserbeidschan"]
[WhiteTeamCountry "MOZ"]
[BlackTeamCountry "AZE"]
[TimeControl "40/5400+30:1800+30"]
[WhiteClock "0:00:56"]
[BlackClock "0:50:36"]

1. d4 {(00:00} d5 {(00:06} 2. c4 {(00:00} dxc4 {
(00:06} 3. Nf3 {(00:00} Nf6 {(00:08} 4. e3 {(00:
00} a6 {(00:07} 5. Bxc4 {(00:15} e6 {(00:06} 6. a4 {
(03:57} b6 {(00:35} 7. O-O {(00:08} Bb7 {(00:03]
} 8. Qe2 {(00:10} Nbd7 {(00:27} 9. Rd1 {(01:22} c5 {
(01:24} 10. Nc3 {(05:30} Qc7 {(00:06} 11. d5 {(
04:53} exd5 {(00:17} 12. Nxd5 {(00:06} Nxd5 {(00:21}
13. Bxd5 {(01:41} Bxd5 {(00:08} 14. Rxd5 {(00:09} Be7 {
(00:05} 15. e4 {(00:15} O-O {(00:52} 16. Bg5 {(
07:50} Bxg5 {(01:42} 17. Rxg5 {(01:57} Rfe8 {(00:14}
18. Re1 {(04:31} h6 {(09:39} 19. Rg3 {(01:27} Nf6 {
(07:12} 20. e5 {(06:12} Qd7 {(02:16} 21. Qe3 {(
31:27} Kh8 {(04:20} 22. Qb3 {(05:21} Nh5 {(07:10} 23.
Rh3 {(01:25} Nf4 {(01:40} 24. Rh4 {(01:10} Nd5 {
(02:39} 25. Qc4 {(12:58} Nb4 {(04:50} 26. e6 {(
08:54} Rxe6 {(02:22} 27. Ne5 {(00:23} Kg8 {(00:49} 28.
Nxd7 {(01:26} Rxe1+ {(00:06} 29. Qf1 {(00:05} Rxf1+ {
(00:56} 30. Kxf1 {(00:03} Nd3 {(02:39} 31. Nxb6 {
(01:24} Re8 {(00:07} 32. g3 {(00:18} Re1+ {(01:
06} 33. Kg2 {(00:01} Re2 {(00:06} 34. Kf3 {(01:05}
Rxb2 {(01:20} 35. Nc4 {(00:16} Ra2 {(00:07} 36. Ke4 {
(00:47} Nxf2+ {(00:40} 37. Kd5 {(00:08} Rxa4 {(
01:03} 0-1

[Event "42nd Olympiad Baku 2016 Open"]
[Site "Baku"]
[Date "2016.09.02"]
[Round "1.25"]
[White "Palac, Mladen"]
[Black "Eid, Fadi"]
[Result "1-0"]
[ECO "C42"]
[WhiteElo "2623"]
[BlackElo "2354"]
[PlyCount "77"]
[EventDate "2016.??.??"]
[EventCountry "AZE"]
[WhiteTeam "Kroatien"]
[BlackTeam "Libanon"]
[WhiteTeamCountry "CRO"]
[BlackTeamCountry "LBN"]
[TimeControl "40/5400+30:1800+30"]
[WhiteClock "0:05:15"]
[BlackClock "0:07:56"]

1. e4 {(00:00} e5 {(00:00} 2. Nf3 {(00:00} Nf6 {
(00:00} 3. Nxe5 {(00:11} d6 {(00:00} 4. Nf3 {(
00:07} Nxe4 {(00:00} 5. d4 {(00:37} Bg4 {(00:02} 6.
Bd3 {(02:29} Nf6 {(00:02} 7. h3 {(00:29} Bh5 {(
00:20} 8. Nc3 {(03:23} Be7 {(06:09} 9. g4 {(02:09} Bg6
{(02:23} 10. g5 {(00:02} Nfd7 {(00:30} 11. h4 {(
00:01} Nb6 {(23:02} 12. h5 {(00:25} Bxd3 {(00:13} 13.
Qxd3 {(00:01} Nc6 {(01:21} 14. Bf4 {(22:16} Qd7 {
(04:36} 15. d5 {(07:59} Nb4 {(08:57} 16. Qe4 {(
00:02} Na6 {(01:00} 17. O-O-O {(07:50} Nc5 {(02:11}
18. Qd4 {(00:07} O-O-O {(01:59} 19. Be3 {(06:01} g6 {
(10:19} 20. Qf4 {(09:07} Rhf8 {(06:39} 21. Bd4 {
(00:27} Nca4 {(01:34} 22. b3 {(02:55} Nxc3 {(00:
36} 23. Bxc3 {(00:02} Qf5 {(06:18} 24. Qxf5+ {(03:15}
gxf5 {(00:07} 25. Bg7 {(00:26} Rg8 {(00:23} 26. h6 {
(00:02} Rde8 {(01:34} 27. Rh4 {(11:10} Nd7 {(06:
48} 28. Rf4 {(00:33} f6 {(00:16} 29. Rxf5 {(05:18}
fxg5 {(00:31} 30. Nxg5 {(00:18} Bxg5+ {(00:42} 31. Rxg5
{(00:01} Ref8 {(01:02} 32. Rdg1 {(10:48} Rxf2 {(
04:28} 33. Bd4 {(00:02} Rf1+ {(00:23} 34. Rxf1 {(00:01]
} Rxg5 {(00:09} 35. Rf7 {(00:17} Ne5 {(05:02} 36. Rxh7
{(01:24} Rh5 {(00:06} 37. Bxe5 {(03:57} dxe5 {(
00:49} 38. Rh8+ {(00:01} Kd7 {(00:33} 39. h7 {(00:02}
1-0

[Event "42nd Olympiad Baku 2016 Open"]
[Site "Baku"]
[Date "2016.09.02"]
[Round "1.18"]
[White "Pancevski, Filip"]
[Black "Khan, Taffin"]
[Result "1-0"]
[ECO "B12"]
[WhiteElo "2503"]
[BlackElo "1877"]
[PlyCount "69"]
[EventDate "2016.??.??"]
[EventCountry "AZE"]
[WhiteTeam "Mazedonien"]
[BlackTeam "Guyana"]
[WhiteTeamCountry "MKD"]
[BlackTeamCountry "GUY"]
[TimeControl "40/5400+30:1800+30"]
[WhiteClock "1:10:41"]
[BlackClock "0:13:44"]

1. e4 {(00:00} c6 {(00:00} 2. d4 {(00:00} d5 {(
00:00} 3. e5 {(00:00} c5 {(00:00} 4. dxc5 {(00:00} Nc6
{(00:21} 5. Nf3 {(01:03} e6 {(00:25} 6. Be3 {(
00:14} Qc7 {(02:42} 7. c3 {(03:03} Bd7 {(04:57} 8. Bd4
{(03:13} Nge7 {(01:08} 9. Bd3 {(06:57} a5 {(05:
12} 10. Na3 {(00:47} Nxd4 {(06:59} 11. cxd4 {(06:27}
Ng6 {(00:12} 12. Nb5 {(00:23} Bxb5 {(05:37} 13. Bxb5+ {
(00:02} Kd8 {(00:11} 14. O-O {(00:04} Ne7 {(01:
33} 15. a3 {(00:14} Nc6 {(01:22} 16. b4 {(00:43} Be7 {
(01:52} 17. Qd2 {(01:40} h6 {(00:39} 18. Rab1 {(
00:21} Ke8 {(12:37} 19. Bxc6+ {(04:02} Qxc6 {(03:49}
20. bxa5 {(00:29} Qa4 {(00:17} 21. Rxb7 {(00:17} Qxa3 {
(00:33} 22. Rfb1 {(00:33} Bd8 {(06:05} 23. Qf4 {
(00:08} Rf8 {(00:16} 24. h4 {(00:53} Qxa5 {(00:
45} 25. Qg4 {(00:55} Rg8 {(03:20} 26. Ne1 {(00:02} Qd2
{(08:46} 27. Qf3 {(00:32} Rf8 {(03:32} 28. Qb3 {
(00:09} Qa5 {(00:21} 29. Nc2 {(00:11} Qa4 {(04:
58} 30. Qb2 {(00:23} Qc6 {(01:43} 31. Rb8 {(01:05} Kd7
{(05:58} 32. Rxa8 {(01:16} Qxa8 {(00:10} 33. Ra1 {
(00:01} Qc6 {(01:46} 34. Qb8 {(00:12} Qc8 {(05:
10} 35. Ra7+ 1-0

[Event "42nd Olympiad Baku 2016 Open"]
[Site "Baku"]
[Date "2016.09.02"]
[Round "1.24"]
[White "Pasaribu, Ivan Maxmillian Put"]
[Black "Smerdon, David C"]
[Result "1-0"]
[ECO "C53"]
[WhiteElo "1860"]
[BlackElo "2531"]
[PlyCount "83"]
[EventDate "2016.??.??"]
[EventCountry "AZE"]
[WhiteTeam "Indonesien"]
[BlackTeam "Australien"]
[WhiteTeamCountry "INA"]
[BlackTeamCountry "AUS"]
[TimeControl "40/5400+30:1800+30"]
[WhiteClock "1:36:30"]
[BlackClock "1:26:25"]

1. e4 {(00:00} e5 {(00:00} 2. Nf3 {(00:00} Nc6 {
(00:00} 3. Bc4 {(00:09} Bc5 {(00:23} 4. c3 {(00:
16} d6 {(00:18} 5. d4 {(02:32} exd4 {(02:59} 6. cxd4 {
(02:22} Bb4+ {(01:49} 7. Bd2 {(01:05} Bxd2+ {(
01:18} 8. Nbxd2 {(00:12} Nf6 {(00:27} 9. O-O {(06:28}
Qe7 {(01:20} 10. h3 {(04:52} a6 {(01:47} 11. Re1 {
(05:59} Nd7 {(04:09} 12. Rc1 {(13:30} b5 {(02:
43} 13. Bd5 {(00:17} Ndb8 {(04:39} 14. Rxc6 {(00:36}
O-O 15. Rxc7 Qxc7 {(06:36} 16. Bxa8 {(00:37} Nd7 {(02:
21} 17. Bd5 {(00:09} Nf6 {(00:28} 18. Bb3 {(00:07} Nh5
{(01:01} 19. Ng5 {(00:40} Qe7 {(01:54} 20. Qxh5 {
(00:08} h6 {(00:54} 21. Nxf7 {(00:11} Be6 {(03:
37} 22. Nxh6+ {(00:54} gxh6 {(00:17} 23. Qg6+ {(00:03}
Qg7 {(02:07} 24. Bxe6+ {(00:13} Kh8 {(01:16} 25. Qxg7+
{(00:08} Kxg7 {(00:18} 26. Rc1 {(00:05} Kf6 {(
01:45} 27. Rc8 {(00:13} Rxc8 {(00:53} 28. Bxc8 {(00:08]
} Ke7 {(00:24} 29. e5 {(00:08} a5 {(00:39} 30. Ne4 {
(00:09} d5 {(00:59} 31. Nf6 {(00:11} Kd8 {(00:
33} 32. e6 {(00:08} b4 {(00:57} 33. f4 {(00:32} h5 {
(00:38} 34. f5 {(00:05} a4 {(00:20} 35. Nxd5 {(
00:11} Kxc8 {(00:11} 36. f6 {(00:06} Kd8 {(00:19} 37.
f7 {(00:06} Kc8 {(00:34} 38. f8=Q+ {(00:10} Kb7 {
(00:48} 39. Qe7+ {(00:22} Kc6 {(00:23} 40. Qc5+ {
(00:12} Kb7 {(00:26} 41. Qb6+ {(00:10} Ka8 {(01:
35} 42. Nc7# {(00:06} 1-0